 Dungeon Crawl Stone Soup version 0.32-a0-38-gb04dd89b9b (webtiles) character file.

Game seed: 868711059011316246

48 seren the Trooper (level 3, 0/61 HPs)
             Began as an Oni Berserker on Jan 23, 2024.
             Was a Believer of Trog.
             Slain by Sigmund
             ... wielding a +1 scythe of flaming
              (6 damage)
             ... on level 2 of the Dungeon.
             The game lasted 00:02:00 (1024 turns).

seren the Trooper (Oni Berserker)                   Turns: 1024, Time: 00:02:00

Health: 0/61       AC:  3    Str: 23    XL:     3   Next: 72%
Magic:  3/3        EV: 10    Int:  8    God:    Trog [**....]
Gold:   46         SH:  0    Dex:  8    Spells: 2/2 levels left

rFire   . . .        a - +0 hand axe
rCold   . . .        (no shield)
rNeg    . . .        b - +0 animal skin
rPois   .            (helmet restricted)
rElec   .            (no cloak)
rCorr   .            (gloves unavailable)
SInv    .            (boots unavailable)
Will    ++...        (no amulet) Stlth
                     (no ring)
HPRegen 1.30/turn    (no ring)
MPRegen 0.08/turn

%: no passive effects
@: berserking, lethally poisoned (0 -> -1), strong-willed, regenerating, very
quick
A: large, unfitting armour, horns 1, tough skin 1, double potion healing,
drunken brawling
a: Renounce Religion, Berserk, Trog's Hand


You were on level 2 of the Dungeon.
You worshipped Trog.
Trog was pleased with you.
You visited 1 branch of the dungeon, and saw 2 of its levels.

You collected 46 gold pieces.

Inventory:

Hand Weapons
 a - a +0 hand axe (weapon)
Missiles
 d - 2 boomerangs (quivered)
 i - 6 poisoned darts
Armour
 b - a +0 animal skin (worn)
Talismans
 f - a flux talisman
Scrolls
 c - 2 scrolls of enchant armour {unknown}
 e - a scroll of identify {unknown}
 g - a scroll of revelation {unknown}
 h - a scroll of vulnerability {unknown}


   Skills:
 + Level 4.8 Fighting
 + Level 3.5 Axes
 + Level 3.2 Dodging


You had 2 spell levels left.
You didn't know any spells.
Your spell library was empty.

Dungeon Overview and Level Annotations

Branches:
Dungeon (2/15)

Altars:

Annotations:
D:2 Sigmund


Innate Abilities, Weirdness & Mutations

You are too large for most types of armour.
You have a pair of small horns on your head.
You have tough skin. (AC +1)
You gain doubled healing and magic from potions.
Whenever you drink a healing potion, you attack all around you.


Message History

You feel yourself moving faster!
You feel mighty! The adder misses you.
Sigmund hits you from afar with a +1 scythe of flaming!
* * * LOW HITPOINT WARNING * * *
Sigmund burns you.
* * * LOW HITPOINT WARNING * * *
The kobold hits you but does no damage. The adder bites you.
* * * LOW HITPOINT WARNING * * *
You are poisoned.
The adder poisons you!
You are too injured to fight recklessly!
You barely miss the kobold. Your headbutt misses the kobold.
You barely miss the adder.
You feel sick. The adder barely misses you.
The kobold hits you but does no damage.
Sigmund gestures wildly while chanting.
Sigmund flickers and vanishes!
Deactivating autopickup; reactivate with Ctrl-A.
You slash the kobold!
You kill the kobold!
Trog accepts your kill.
You closely miss the adder.
You feel sick. The bat hits you but does no damage. The adder misses you.
You miss the bat. Your headbutt misses the bat. You slash the adder!
The bat hits you but does no damage. x2; Something hits you!
* * * LOW HITPOINT WARNING * * *
Something burns you.
* * * LOW HITPOINT WARNING * * *
The adder bites you.
* * * LOW HITPOINT WARNING * * *
You are too injured to fight recklessly!
You are too berserk!
You slash the bat!
You feel the power of Trog in you as your rage grows.
You kill the bat!
Trog accepts your kill.
You closely miss the adder.
You feel sick. The adder bites you.
* * * LOW HITPOINT WARNING * * *
You are more poisoned.
The adder poisons you!
You feel sick. Something hits you.
You die...

#.. #....(....##.# #
#..########.......#
##......#
######..#####
......$# #.......
#.....# #####..#####
#.....#####...†..#
#...{.##....####.#
###....S##.##### #.#
.......@.......# #.#
#####'####..##.....#
... ##.# ##.# #?..
.# ## #.... .# ...!
.# .... .# .#


You could see an adder.

Vanquished Creatures
  An adder (D:2)
  A ribbon worm (D:2)
  5 bats
  4 endoplasms
  4 giant cockroaches (D:1)
  A goblin (D:1)
  5 hobgoblins
  2 jackals (D:1)
  4 kobolds
  A quokka (D:1)
  4 ball pythons
  A frilled lizard (D:1)
33 creatures vanquished.

Notes
Turn   | Place    | Note
-------+----------+-------------------------------------------
     0 | D:1      | seren the Oni Berserker began the quest for the Orb.
     0 | D:1      | Reached XP level 1. HP: 24/24 MP: 1/1
   135 | D:1      | Reached XP level 2. HP: 32/32 MP: 2/2
   458 | D:1      | Reached ** piety under Trog
   459 | D:1      | Reached XP level 3. HP: 35/40 MP: 3/3
  1009 | D:2      | Noticed Sigmund
  1024 | D:2      | Slain by Sigmund

Illustrated notes

Levels and vault maps discovered:
D:1:      dpeg_arrival_tiny_i, layout_basic, amcnicky_mini_corridor_feature,
          dk_noncrumbling_2
D:2:      minmay_door_path, layout_rooms, chequers_mini_garden, st_stairs_3,
          minmay_quadrilaterals, uniq_robin, uniq_sigmund

Skill      XL: |  1  2 |
---------------+-------+-----
Dodging        | 3 |  3.2
Fighting       | |  4.8
Axes           | |  3.5

Action                     || total
---------------------------++-------
  Melee: Hand axe          ||    99
         Punch             ||     1
         Headbutt          ||     9
 Invoke: Berserk           ||     1
         Trog's Hand       ||     1
 Armour: Animal skin       ||    97
  Dodge: Dodged            ||    74

Table legend: (Time is in decaauts)
 A = Elapsed time spent in this place.
 B = Non-inter-level travel time spent in this place.
 C = Inter-level travel time spent in this place.
 D = Time resting spent in this place.
 E = Time spent auto-exploring this place.
 F = Levels seen in this place.
 G = Mean time per level.
                   A        B        C        D        E       F      G
               +--------+--------+--------+--------+--------+-----+--------+
         Total |   1036 |    999 |     37 |    138 |    608 |   2 |  518.0 |
       Dungeon |   1036 |    999 |     37 |    138 |    608 |   2 |  518.0 |
               +--------+--------+--------+--------+--------+-----+--------+

Top non-repeatable levels by time:
     D:1: 847 daAuts
     D:2: 189 daAuts
